Map: Deathaura LE

Players

Dark

  • Race: Zerg Zerg
  • Spawn Location: 11:00

ShoWTimE - Winner!

  • Race: Protoss Protoss
  • Spawn Location: 5:00

Event: TSL 6

VOD

Have the link to the VOD?

Description

Time

  • Played on: Dec. 20, 2020, 10:29 a.m.
  • Length: 18:44

All games in this series

Show
View Real Time Build Order
Export as new Build Order

Dark Zerg 

Build Orders: Hatch First 

Get SALT Encoding   

  12  0:00  Drone  
  13  0:13  Overlord  
  13  0:18  Drone  
  14  0:31  Drone  
  14  0:32  Drone  
  16  0:49  Hatchery  
  15  0:52  Drone  
  15  0:55  Drone  
  17  0:59  Drone  
  18  1:10  Extractor  
  17  1:14  Spawning Pool  
  17  1:18  Drone  
  17  1:21  Drone  
  18  1:29  Drone  
  19  1:44  Drone  
  20  1:48  Hatchery  
  19  1:54  Drone  
  20  2:03  Drone x2  
  20  2:07  Queen  
  24  2:16  Queen  
  24  2:22  Overlord  
  26  2:25  Drone  
  26  2:27  Drone  
  28  2:40  Zergling x2  
  28  2:41  Drone x2  
  28  2:43  Queen  
  33  2:47  Drone x2  
  35  2:54  Metabolic Boost  
  35  3:00  Drone x3  
  35  3:04  Queen  
  40  3:12  Overlord  
  40  3:13  Drone x2  
  42  3:25  Overlord  
  42  3:30  Drone x6  
  48  3:37  Overlord x2  
  48  3:43  Queen  
  48  3:47  Overlord  
  50  3:49  Overlord  
  50  3:52  Overlord  
  50  3:54  Spore Crawler  
  50  3:55  Drone x2  
  51  3:57  Spore Crawler, Drone  
  51  3:59  Drone  
  51  4:01  Drone  
  53  4:07  Drone, Evolution Chamber  
  53  4:08  Drone  
  54  4:10  Zergling x4  
  54  4:12  Zergling x2  
  54  4:14  Drone  
  54  4:16  Drone x2  
  60  4:18  Zergling x2  
  60  4:20  Drone  
  60  4:21  Drone  
  60  4:22  Drone  
  64  4:26  Extractor  
  62  4:34  Zerg Melee Weapons Level 1, Baneling Nest  
  62  4:36  Drone x5  
  65  4:39  Drone x2  
  65  4:43  Drone x3  
  70  4:54  Hatchery  
  69  5:00  Queen  
  69  5:01  Zergling x12  
  69  5:03  Zergling x4  
  79  5:10  Zergling x4  
  79  5:11  Overlord  
  79  5:12  Overlord  
  79  5:14  Zergling x8  
  85  5:15  Zergling x2  
  86  5:24  Zergling x4  
  86  5:26  Zergling x2  
  88  5:33  Baneling x6  
  88  5:35  Zergling x10  
  93  5:39  Zergling x14  
  93  5:42  Lair  
  100  5:44  Queen x2  
  100  5:49  Baneling x3  
  104  5:50  Baneling x2  
  103  6:02  Zergling x16  
  104  6:04  Zergling x2  
  104  6:08  Drone x3  
  101  6:11  Drone  
  101  6:12  Drone  
  101  6:15  Queen  
  101  6:16  Extractor x2, Drone x3  
  101  6:17  Drone  
  101  6:18  Drone x2  
  108  6:20  Queen  
  108  6:25  Drone x2  
  107  6:30  Zerg Missile Weapons Level 1  
  106  6:33  Drone x5  
  106  6:34  Extractor  
  106  6:35  Evolution Chamber  
  106  6:37  Drone x3  
  112  6:41  Hydralisk Den  
  112  6:44  Spore Crawler  
  112  6:45  Drone x2  
  112  6:46  Overlord  
  112  6:47  Overlord  
  112  6:53  Hatchery  
  111  6:55  Drone  
  109  7:04  Drone  
  109  7:05  Drone x4  
  112  7:09  Zerg Melee Weapons Level 2  
  112  7:11  Drone x3  
  112  7:13  Grooved Spines, Extractor x2  
  112  7:15  Hydralisk x4  
  117  7:17  Drone  
  117  7:18  Hydralisk  
  117  7:21  Hydralisk  
  126  7:24  Overlord x2  
  126  7:25  Overlord x4  
  126  7:29  Drone  
  127  7:35  Overlord  
  127  7:37  Overlord  
  127  7:43  Centrifical Hooks  
  127  7:44  Drone x4  
  127  7:45  Hydralisk x4, Drone  
  127  7:48  Hydralisk x2  
  144  7:52  Hydralisk  
  144  7:55  Zergling x8  
  144  7:56  Hydralisk  
  144  7:58  Hydralisk  
  154  8:00  Zergling x4  
  154  8:01  Zergling x2  
  154  8:02  Hydralisk  
  159  8:10  Hatchery  
  158  8:13  Hydralisk x3  
  158  8:15  Zergling x4  
  158  8:19  Zergling x8  
  170  8:26  Zergling x8, Zerg Missile Weapons Level 2  
  174  8:27  Zergling x2  
  174  8:28  Zergling x4  
  174  8:29  Zergling x4  
  174  8:30  Zergling x4  
  174  8:31  Zergling x2  
  181  8:36  Muscular Augments  
  181  8:43  Baneling  
  181  8:44  Baneling x9  
  181  8:47  Zergling x2  
  181  8:48  Zergling x8  
  186  8:52  Hydralisk x3  
  186  8:54  Zergling x6  
  195  8:56  Zergling x4  
  195  8:57  Zergling x2  
  196  9:04  Zergling x6  
  196  9:05  Overlord  
  196  9:07  Baneling x4  
  196  9:08  Baneling x13  
  195  9:14  Infestation Pit  
  193  9:17  Drone  
  193  9:21  Baneling x3  
  195  9:24  Zergling x10  
  195  9:25  Zerg Ground Armor Level 1  
  181  9:40  Zergling x40  
  173  9:47  Hydralisk x3  
  173  9:48  Zergling x14  
  173  9:52  Hive  
  185  9:54  Zergling x4  
  185  9:55  Baneling x6  
  185  9:56  Baneling  
  187  10:01  Zergling x12  
  187  10:02  Drone  
  187  10:04  Drone  
  187  10:06  Baneling x2  
  196  10:07  Zergling x2  
  196  10:10  Zergling x6  
  190  10:15  Hydralisk x2  
  190  10:20  Hydralisk x2  
  178  10:23  Zergling x22  
  178  10:24  Zergling x2  
  178  10:27  Hydralisk x2  
  179  10:32  Hydralisk x2  
  179  10:36  Zergling x12  
  179  10:40  Zergling x6  
  183  10:46  Zergling x14  
  183  10:47  Hydralisk  
  183  10:48  Hydralisk  
  189  10:53  Zergling x14  
  190  11:03  Zergling x24  
  184  11:08  Zerg Melee Weapons Level 3  
  181  11:11  Adrenal Glands  
  181  11:20  Ultralisk Cavern  
  181  11:23  Zergling x26  
  193  11:27  Baneling  
  193  11:28  Baneling x3  
  193  11:30  Zerg Missile Weapons Level 3  
  187  11:49  Hatchery  
  187  11:54  Baneling x6  
  182  11:55  Zergling x6  
  176  12:04  Spore Crawler  
  175  12:09  Ultralisk x4  
  175  12:10  Zergling x2  
  175  12:12  Chitinous Plating  
  199  12:18  Overseer  
  199  12:36  Zergling x6  
  193  12:52  Zergling x4  
  193  12:53  Zergling x8  
  199  13:03  Zergling x2  
  198  13:07  Pneumatized Carapace  
  198  13:09  Overlord  
  198  13:11  Extractor, Spire  
  198  13:12  Spire  
  194  13:13  Baneling x5  
  194  13:14  Baneling x5  
  194  13:17  Baneling x3  
  185  13:31  Zergling x2, Anabolic Synthesis  
  185  13:32  Zergling x22  
  184  13:40  Zergling x30  
  184  13:41  Zergling x10  
  200  13:45  Zerg Ground Armor Level 2  
  196  13:52  Drone x4  
  200  13:55  Extractor  
  200  13:56  Baneling x6  
  200  13:59  Baneling x5  
  199  14:04  Extractor  
  199  14:08  Baneling  
  199  14:09  Baneling  
  157  14:33  Corruptor x13  
  172  14:43  Ultralisk  
  172  14:44  Zergling x34  
  172  14:45  Zergling x8  
  193  14:48  Drone  
  193  14:51  Zerg Flyer Weapons Level 1, Zerg Flyer Armor Level 1  
  194  14:53  Zergling x8  
  198  15:07  Zergling x2  
  198  15:09  Baneling x2  
  198  15:10  Baneling x3  
  155  15:36  Corruptor x4  
  155  15:37  Corruptor x7  
  155  15:39  Zergling x2  
  155  15:40  Zergling x6  
  155  15:42  Zergling x4  
  179  15:50  Zergling x10  
  179  15:51  Zergling x2  
  179  15:54  Zergling x6  
  187  16:02  Hatchery  
  181  16:07  Ultralisk  
  183  16:20  Ultralisk  
  182  16:36  Ultralisk x2  
  179  16:40  Zergling x4  
  177  16:52  Ultralisk  
  182  16:55  Zergling x4  
  181  17:07  Ultralisk  
  154  17:23  Ultralisk  
  154  17:26  Zergling x4  
  142  17:31  Zergling x4  
  128  17:37  Zergling x6  
  128  17:39  Zergling x2  
  128  17:43  Zergling x4  
  106  17:52  Zergling x10  
  106  17:54  Zergling x2  
  106  17:55  Zergling x2  
  106  17:58  Zergling x4  
  105  18:09  Zergling x4  
  105  18:10  Zergling x8  
Show
View Real Time Build Order
Export as new Build Order

ShoWTimE Protoss - Winner!

Build Orders: 1 Gate Expand, Oracle Opening, Carriers, Zealot Archon 

Get SALT Encoding   

  12  0:00  Probe  
  13  0:12  Probe  
  14  0:17  Pylon  
  14  0:24  Probe (Chrono Boost)  
  15  0:36  Gateway, Probe (Chrono Boost)  
  16  0:44  Probe (Chrono Boost)  
  16  0:46  Assimilator  
  17  0:51  Probe  
  18  1:03  Probe  
  19  1:15  Probe  
  20  1:23  Nexus  
  20  1:27  Probe  
  21  1:36  Cybernetics Core  
  21  1:42  Assimilator  
  21  1:44  Probe  
  22  1:52  Pylon  
  22  1:56  Probe  
  23  2:10  Adept (Chrono Boost), Probe (Chrono Boost)  
  23  2:14  Stargate  
  26  2:20  Probe (Chrono Boost)  
  21  2:22  Warp Gate  
  27  2:24  Probe (Chrono Boost)  
  28  2:33  Adept  
  28  2:36  Probe (Chrono Boost)  
  32  2:43  Probe (Chrono Boost)  
  32  2:45  Probe (Chrono Boost)  
  32  2:50  Probe x2 (Chrono Boost)  
  34  2:53  Void Ray (Chrono Boost)  
  35  3:01  Probe  
  35  3:03  Probe  
  41  3:08  Pylon  
  41  3:13  Probe  
  41  3:15  Probe  
  43  3:25  Probe  
  43  3:26  Gateway  
  44  3:27  Oracle (Chrono Boost)  
  44  3:28  Probe  
  48  3:37  Probe  
  48  3:40  Probe  
  50  3:46  Nexus  
  50  3:49  Pylon  
  50  3:51  Probe  
  50  3:52  Probe  
  52  3:56  Assimilator  
  52  4:00  Assimilator  
  52  4:04  Probe x2 (Chrono Boost)  
  52  4:06  Stargate  
  54  4:12  Void Ray  
  54  4:13  Pylon  
  54  4:16  Probe (Chrono Boost)  
  56  4:21  Probe (Chrono Boost)  
  56  4:23  Probe (Chrono Boost)  
  61  4:25  Shield Battery  
  61  4:27  Probe  
  61  4:30  Probe (Chrono Boost)  
  63  4:38  Pylon  
  63  4:44  Probe (Chrono Boost), Void Ray  
  63  4:45  Probe (Chrono Boost)  
  65  4:50  Void Ray  
  65  4:51  Probe (Chrono Boost)  
  76  5:00  Probe x2 (Chrono Boost)  
  76  5:03  Probe (Chrono Boost)  
  77  5:07  Twilight Council  
  77  5:08  Forge  
  77  5:10  Probe (Chrono Boost)  
  77  5:12  Probe (Chrono Boost)  
  77  5:13  Probe (Chrono Boost)  
  80  5:15  Assimilator, Probe (Chrono Boost)  
  80  5:17  Assimilator  
  80  5:19  Pylon  
  80  5:20  Probe  
  82  5:21  Void Ray (Chrono Boost)  
  82  5:22  Probe  
  82  5:24  Void Ray (Chrono Boost)  
  82  5:26  Probe  
  82  5:28  Protoss Ground Weapons Level 1  
  84  5:32  Probe  
  93  5:37  Probe  
  93  5:38  Probe  
  93  5:41  Pylon  
  95  5:45  Charge (Chrono Boost), Probe  
  97  5:52  Gateway  
  97  5:53  Sentry  
  97  5:55  Gateway, Adept  
  100  6:00  Probe x2  
  99  6:09  Gateway  
  96  6:11  Gateway  
  96  6:13  Pylon  
  96  6:17  Probe  
  97  6:19  Probe  
  97  6:23  Adept x2  
  97  6:24  Probe  
  101  6:29  Probe  
  102  6:33  Gateway x2  
  102  6:35  Templar Archives  
  102  6:36  Probe  
  103  6:46  Probe  
  104  6:49  Photon Cannon  
  104  6:50  Gateway, Pylon  
  104  6:51  Gateway  
  104  6:56  Zealot x4  
  112  7:08  Pylon, Probe  
  113  7:10  Robotics Facility  
  113  7:12  Photon Cannon  
  113  7:13  High Templar, Photon Cannon  
  113  7:14  High Templar  
  117  7:19  Archon  
  117  7:24  Psionic Storm, High Templar  
  117  7:25  High Templar  
  117  7:28  Archon  
  121  7:32  High Templar  
  121  7:33  High Templar  
  121  7:35  Probe x2  
  121  7:36  Probe  
  128  7:39  Nexus  
  128  7:40  Pylon  
  128  7:43  Protoss Ground Weapons Level 2 (Chrono Boost)  
  128  7:52  Pylon, High Templar  
  128  7:55  Pylon  
  128  7:56  Pylon  
  128  7:57  Warp Prism (Chrono Boost)  
  130  7:58  Pylon  
  130  8:02  High Templar  
  134  8:05  Photon Cannon  
  134  8:07  Photon Cannon  
  134  8:08  Shield Battery  
  134  8:11  High Templar  
  136  8:13  Pylon  
  136  8:14  Pylon, Probe x3  
  139  8:23  Zealot x4  
  139  8:26  Observer  
  148  8:29  Probe x2  
  148  8:30  Probe, Photon Cannon  
  151  8:34  Assimilator, High Templar  
  151  8:36  Pylon  
  151  8:38  Assimilator  
  153  8:49  High Templar  
  153  8:50  Zealot x7, High Templar  
  153  8:54  Archon, Pylon  
  171  9:00  Probe  
  171  9:01  Probe x3  
  165  9:04  Warp Prism (Chrono Boost)  
  161  9:12  Fleet Beacon  
  161  9:13  Probe  
  161  9:15  High Templar  
  161  9:16  High Templar  
  166  9:18  Photon Cannon  
  166  9:20  Archon  
  166  9:21  Shield Battery  
  164  9:27  Photon Cannon  
  164  9:28  Shield Battery  
  164  9:31  High Templar x2  
  164  9:32  Zealot x3  
  164  9:33  Zealot  
  164  9:36  Archon  
  164  9:37  Stalker  
  174  9:44  Probe (Chrono Boost)  
  174  9:45  Zealot  
  131  9:47  Probe x2 (Chrono Boost)  
  134  9:54  Probe (Chrono Boost)  
  134  9:55  Probe (Chrono Boost)  
  134  9:57  Probe x2 (Chrono Boost)  
  137  10:00  Probe (Chrono Boost)  
  137  10:01  Probe (Chrono Boost)  
  137  10:02  Probe x2 (Chrono Boost)  
  137  10:05  High Templar x4  
  149  10:09  Archon x2  
  149  10:10  Probe  
  149  10:12  Probe  
  149  10:13  Probe x2  
  149  10:16  Archon  
  149  10:17  Zealot x6  
  142  10:22  Probe  
  142  10:24  Probe  
  134  10:29  Probe  
  134  10:34  Probe  
  134  10:35  Probe  
  137  10:36  Probe  
  137  10:37  Zealot x4  
  137  10:38  Zealot  
  147  10:45  Probe  
  147  10:47  High Templar x4  
  147  10:48  Probe  
  149  10:53  Archon x2  
  149  10:54  Probe  
  145  11:01  Zealot x4  
  149  11:04  Probe x2  
  149  11:09  High Templar  
  149  11:10  Probe x2  
  153  11:14  Shield Battery  
  153  11:16  Probe  
  154  11:20  Probe  
  154  11:21  High Templar x4  
  154  11:24  Probe  
  154  11:25  Archon x2  
  164  11:30  Probe x2, Protoss Ground Weapons Level 3 (Chrono Boost)  
  164  11:31  Photon Cannon  
  166  11:44  Zealot x4  
  162  11:50  Probe  
  162  11:51  Probe  
  162  11:54  Zealot x3  
  162  11:56  Probe  
  167  12:01  Carrier (Chrono Boost)  
  167  12:07  Carrier (Chrono Boost)  
  179  12:30  Protoss Air Weapons Level 1 (Chrono Boost)  
  179  12:33  Pylon  
  179  12:35  Zealot x5  
  179  12:36  Nexus  
  183  12:39  Pylon  
  183  12:43  Zealot x4  
  191  12:49  Immortal (Chrono Boost)  
  185  12:59  Carrier (Chrono Boost)  
  177  13:10  Gateway  
  177  13:12  Photon Cannon  
  175  13:13  Carrier (Chrono Boost)  
  175  13:14  Photon Cannon  
  181  13:24  Zealot x3  
  156  13:35  Stalker  
  156  13:37  Stalker  
  156  13:38  Zealot x2  
  147  13:43  Probe  
  147  13:44  Immortal (Chrono Boost)  
  147  13:46  High Templar x5  
  158  13:50  Archon x2  
  158  14:02  High Templar x2  
  168  14:04  Gateway, High Templar  
  168  14:05  Carrier (Chrono Boost), High Templar  
  168  14:06  Archon  
  172  14:16  Immortal  
  176  14:18  Carrier (Chrono Boost)  
  176  14:25  Zealot x3  
  176  14:31  Zealot x2  
  165  14:32  Probe  
  165  14:35  Zealot x2  
  165  14:37  Zealot  
  157  14:44  High Templar  
  157  14:45  High Templar  
  161  14:47  Probe x3  
  161  14:51  Archon  
  164  14:55  Probe  
  164  14:59  Probe x2  
  167  15:02  High Templar  
  167  15:03  High Templar  
  171  15:07  Archon, High Templar x2  
  171  15:12  Observer  
  175  15:24  Photon Cannon  
  175  15:34  Zealot x4  
  152  15:39  Zealot x2  
  155  15:47  Zealot x2  
  159  15:51  Observer (Chrono Boost)  
  159  15:55  High Templar x2  
  159  15:56  High Templar x2  
  166  15:57  Probe x2  
  166  15:59  Archon  
  166  16:00  Archon  
  166  16:03  Zealot  
  166  16:17  Zealot x3  
  168  16:32  Zealot x5  
  178  16:38  Zealot x2  
  182  16:41  Zealot  
  167  17:05  Zealot x7  
  129  17:24  Zealot  
  103  17:44  High Templar x8  
  91  17:48  Archon x3  
  91  17:49  Archon  
  103  17:52  Immortal  
  103  18:21  Zealot x6  
  113  18:27  Zealot  
Tags
 
Add a new tag
Caveats
  • Supply blocks, unpowered buildings, or Contaminate may cause inaccurate times.
  • Supply counts are checked every 10 seconds.